 Dungeon Crawl Stone Soup version 0.18.1-47-g9310371 (webtiles) character file.

28 Gargoyl the Skirmisher (level 3, 29/29 HPs)
             Began as a Demonspawn Abyssal Knight on June 20, 2016.
             Was a Follower of Lugonu.
             Quit the game on level 2 of the Dungeon.
             The game lasted 00:02:22 (988 turns).

Gargoyl the Skirmisher (Demonspawn Abyssal Knight)   Turns: 988, Time: 00:02:22

Health: 29/29      AC:  9    Str: 13    XL:     3   Next: 0%
Magic:  5/5        EV: 11    Int: 13    God:    Lugonu [*.....]
Gold:   61         SH:  0    Dex: 12    Spells: 0 memorised, 2 levels left

rFire  . . .     SeeInvis .     k - +0 war axe
rCold  . . .     Gourm    .     b - +0 leather armour
rNeg   . . .     Faith    .     (no shield)
rPois  +         Spirit   +     l - +0 helmet (curse)
rElec  .         Dismiss  .     (no cloak)
rCorr  .         Reflect  .     (no gloves)
SustAt .         Harm     .     e - +1 pair of boots
MR     .....                    (no amulet)
Stlth  +.........               f - ring of poison resistance
                                d - +3 ring of protection

@: not resistant to hostile enchantments, very unstealthy
A: hooves 1, magic shield
a: Depart the Abyss, Renounce Religion


You were on level 2 of the Dungeon.
You worshipped Lugonu.
Lugonu was aware of your devotion.
You were hungry.

You visited 1 branch of the dungeon, and saw 2 of its levels.
You visited the Abyss 1 time.

You collected 61 gold pieces.

Inventory:

Hand Weapons
 k - a +0 war axe (weapon)
Armour
 b - a +0 leather armour (worn)
 e - a +1 pair of boots (worn)
 l - a cursed +0 helmet (worn)
Jewellery
 d - a +3 ring of protection (left hand)
 f - a ring of poison resistance (right hand)
Potions
 h - a potion of heal wounds {unknown}
Comestibles
 c - 3 bread rations
 i - a meat ration


   Skills:
 + Level 3.3 Fighting
 + Level 2.0 Axes
 * Level 2.2 Armour
 + Level 1.1 Dodging
 + Level 2.7 Invocations


You had 2 spell levels left.
You didn't know any spells.

Dungeon Overview and Level Annotations

Branches:
Dungeon (2/15)

Altars:


Innate Abilities, Weirdness & Mutations

You have large cloven feet.
When hurt, damage is shared between your health and your magic reserves.


Message History

You are feeling hungry.
The dart slug launches a dart at you. The slug dart hits you!
Found a spear.
The dart slug bites you but does no damage.
You slash the dart slug!
The dart slug is almost dead.
The dart slug completely misses you.
You completely miss the dart slug.
The dart slug is almost dead.
The dart slug closely misses you.
You hit the dart slug.
You kill the dart slug!
Lugonu accepts your kill.
You have reached level 3!
Your experience leads to an increase in your attributes!
Increase (S)trength, (I)ntelligence, or (D)exterity?
You feel stronger.
Your demonic ancestry asserts itself...
You feel your magical essence form a protective shroud around your flesh.
Are you sure you want to abandon this character and quit the game? (Confirm with "yes".)

### ## #.. ..) .. #.#
.... ....###†##...#
............#
#.#..###.###.# ... #.# #
###.# #.###+##.# ....
#...@....# #.##
###.....## #..##
##.......#
######...####.........#
........=...'.......>.'.
##..<.....###.........##
#.##.#.#.# ##.......##
#.##.###.# ##.....##
#.##.# #.# ##...##


There were no monsters in sight!

Vanquished Creatures
  A worm (D:2)
  3 dart slugs
  A giant cockroach (D:1)
  2 goblins (D:1)
  2 hobgoblins (D:1)
  3 kobolds
  4 bats
  3 giant newts (D:1)
  2 rats
21 creatures vanquished.

Notes
Turn   | Place    | Note
--------------------------------------------------------------
     0 | Abyss:1  | Gargoyl the Demonspawn Abyssal Knight began the quest for the Orb.
     0 | Abyss:1  | Reached XP level 1. HP: 18/18 MP: 2/2
    44 | Abyss:1  | Noticed a worldbinder
    45 | Abyss:1  | Noticed a tarantella
    50 | D:1      | Escaped the Abyss
   396 | D:1      | Gained mutation: You have large cloven feet. [demonic ancestry]
   396 | D:1      | Reached XP level 2. HP: 21/24 MP: 3/3
   422 | D:1      | Reached * piety under Lugonu
   478 | D:1      | Reached skill level 1 in Dodging
   980 | D:2      | Gained mutation: When hurt, damage is shared between your health and your magic reserves. [demonic ancestry]
   980 | D:2      | Reached XP level 3. HP: 29/29 MP: 5/5
   988 | D:2      | Quit the game

Skill      XL: |  1  2 |
---------------+-------+-----
Axes           | 2 |  2.0
Dodging        | 1 |  1.1
Armour         | 2 |  2.2
Fighting       | |  3.3
Invocations    | |  2.7

Action                   || total
-------------------------++-------
Melee: Hand axe          ||    68
       War axe           ||     5
Invok: Depart the Abyss  ||     1
  Use: Scroll            ||     3
Armor: Leather armour    ||    34
Dodge: Dodged            ||    52
